 Dungeon Crawl Stone Soup version 0.32-a0-837-g8d3e27d251 (webtiles) character file.

Game seed: 8649396607794586962

7 Essalna the Digger (level 1, 0/14 HPs)
             Began as a Demonspawn Earth Elementalist on Mar 26, 2024.
             Slain by a bat (1 damage)
             ... on level 1 of the Dungeon.
             The game lasted 00:00:33 (170 turns).

Essalna the Digger (Demonspawn Earth Elementalist)   Turns: 170, Time: 00:00:33

Health: 0/14       AC:  2    Str:  8    XL:     1   Next: 83%
Magic:  1/3        EV: 11    Int: 15    God:
Gold:   14         SH:  0    Dex: 13    Spells: 3/4 levels left

rFire   . . .        c - +0 short sword
rCold   . . .        (no shield)
rNeg    . . .        a - +0 robe
rPois   .            (no helmet)
rElec   .            (no cloak)
rCorr   .            (no gloves)
SInv    .            (no boots)
Will    .....        (no amulet)
Stlth   ++           (no ring)
HPRegen 0.22/turn    (no ring)
MPRegen 0.08/turn

%: no passive effects
@: no status effects
A: no striking features
a: no special abilities


You were on level 1 of the Dungeon.
You visited 1 branch of the dungeon, and saw 1 of its levels.

You collected 14 gold pieces.

Inventory:

Hand Weapons
 c - a +0 short sword (weapon)
Armour
 a - a +0 robe (worn)
Scrolls
 d - 2 scrolls of identify {unknown}
Potions
 b - a potion of magic


   Skills:
 + Level 0.4 Fighting
 - Level 1.7 Dodging
 - Level 1.7 Stealth
 + Level 2.1 Spellcasting
 + Level 1.2 Conjurations
 + Level 2.8 Earth Magic


You had 3 spell levels left.
You knew the following spells:

 Your Spells              Type           Power      Damage    Failure   Level
a - Sandblast             Erth           20%        2d7       7%          1

Your spell library contained the following spells:

 Spells                   Type           Power      Damage    Failure   Level
 Passwall                 Erth           10%        N/A       21%         3
 Stone Arrow              Conj/Erth      14%        3d7       28%         3
 Brom's Barrelling Bould  Conj/Erth      7%         2d3       67%         4
 Petrify                  Alch/Erth      5%         N/A       77%         4


Dungeon Overview and Level Annotations

Branches:
Dungeon (1/15)

Altars:


Message History

An endoplasm comes into view.
The bat hits you but does no damage. The bat misses you.
The ball python attacks as it pursues you!
The ball python misses you. The bat hits you but does no damage.
Your magical contamination has completely faded away.
The endoplasm quivers.
The ball python bites you but does no damage.
The ball python barely misses you. The bat barely misses you.
The bat hits you but does no damage. The bat hits you.
You open the door.
A bat comes into view.
The ball python bites you. The ball python barely misses you.
The jackal bites you but does no damage.
A jackal comes into view.
The ball python closely misses you. The ball python barely misses you.
There is an open door here.
The jackal barks!
A jackal comes into view.
The jackal moves out of view.
The ball python bites you. The ball python barely misses you.
The ball python attacks as it pursues you!
The ball python bites you but does no damage.
The ball python grabs you. The ball python constricts you.
The ball python's grasp on you weakens, but your attempt to escape fails.
The ball python bites you.
* * * LOW HITPOINT WARNING * * *
The ball python constricts you.
* * * LOW HITPOINT WARNING * * *
You escape the ball python's grasp.
The bat hits you but does no damage. The bat hits you.
* * * LOW HITPOINT WARNING * * *
The bat closely misses you. The bat attacks as it pursues you!
The bat misses you. The bat hits you but does no damage.
You miss the bat. The bat hits you.
* * * LOW HITPOINT WARNING * * *
The bat hits you.
You die...

.............# ♣
.............# #..
.............# . ##.#
.............### .. ♣...
................ ..♣♣♣♣♣♣...
.............# ............
..#.....J..S.# ##..###.......
..h.....h.hb@# #....##.......
#######'####b# #....##.......
.. #.####.###........##..#
.###. #J..........#####)##..#
......#...........# #...##..#
..................# #.####..#
........†.........###.#.....#
..J....#########.........##.#
....... #.........##.#


You could see an endoplasm, 2 jackals, 2 bats and a ball python.

Vanquished Creatures
  An endoplasm (D:1)
  A giant cockroach (D:1)
  A goblin (D:1)
  A kobold (D:1)
  2 rats (D:1)
6 creatures vanquished.

Notes
Turn   | Place    | Note
-------+----------+-------------------------------------------
     0 | D:1      | Essalna the Demonspawn Earth Elementalist began the quest
                  | for the Orb.
     0 | D:1      | Reached XP level 1. HP: 13/13 MP: 3/3
   170 | D:1      | Slain by a bat

Illustrated notes

Levels and vault maps discovered:
D:1:      dpeg_arrival_pits, layout_basic, dilly_ecumenical_altar_fadedgnrine,
          serial_shops, shop, minmay_pentomino_q2

Action                     || total
---------------------------++-------
  Melee: Short sword       ||     4
   Cast: Sandblast         ||     8
 Armour: Robe              ||    26
  Dodge: Dodged            ||    13

Table legend: (Time is in decaauts)
 A = Elapsed time spent in this place.
 B = Non-inter-level travel time spent in this place.
 C = Inter-level travel time spent in this place.
 D = Time resting spent in this place.
 E = Time spent auto-exploring this place.
 F = Levels seen in this place.
 G = Mean time per level.
                   A        B        C        D        E       F      G
               +--------+--------+--------+--------+--------+-----+--------+
         Total |    173 |    173 |      0 |      0 |    117 |   1 |  173.0 |
       Dungeon |    173 |    173 |      0 |      0 |    117 |   1 |  173.0 |
               +--------+--------+--------+--------+--------+-----+--------+

Top non-repeatable levels by time:
     D:1: 173 daAuts
